 Dungeon Sprint DCSS version 0.23.0-3-gf3c87f2 (webtiles) character file.

Game seed: 9260362170852827077

4648 theswoord the Blocker (level 10, -1/100 HPs)
             Began as a Formicid Fighter on Feb 20, 2019.
             Was a Priest of Ru.
             Killed from afar by a pearl dragon (18 damage)
             ... with a blast of cleansing flame
             ... in the Dungeon (Sprint V: "Ziggurat Sprint").
             The game lasted 00:08:06 (854 turns).

theswoord the Blocker (Formicid Fighter)             Turns: 854, Time: 00:08:06

Health: -1/100     AC: 30    Str: 26      XL:     10   Next: 70%
Magic:  10/10      EV:  5    Int:  0 (5)  God:    Ru [***...]
Gold:   0          SH: 33    Dex: 28      Spells: 9/9 levels left

rFire    . . .     SeeInvis +   z - +5 broad axe
rCold    . . .     Gourm    .   A - +18 shield of the Gong {rElec rN+ MR+ EV-5}
rNeg     + . .     Faith    .   D - +5 crystal plate armour
rPois    +         Spirit   .   (helmet unavailable)
rElec    +         Reflect  .   (no cloak)
rCorr    .         Harm     .   (no gloves)
MR       ++...                  F - +2 pair of boots of the Eight Boll Weevils {rElec rPois Dex+6}
Stlth    ..........             (no amulet)
HPRegen  0.26/turn              B - +6 ring of dexterity
MPRegen  0.12/turn              C - +6 ring of strength

@: agile, exhausted, no potions, no scrolls, slowed, lost intelligence, glowing,
studying Dodging, lightly drained, very slow
A: permanent stasis, dig shafts and tunnels, four strong arms, antennae 3,
hooves 1, clumsy 1, dopey 2, robust 1, inability to drink while threatened,
inability to read while threatened, no stealth
a: Dig, Draw Out Power, Renounce Religion


You were in the Dungeon.
You worshipped Ru.
Ru was most pleased with you.
You were not hungry.

You visited 1 branch

Inventory:

Hand Weapons
 a - a +0 war axe
 z - a +5 broad axe (weapon)
Armour
 b - a +0 scale mail
 c - a +0 shield
 A - the +18 shield of the Gong (worn) {rElec rN+ MR+ EV-5}
   (You found it in the Dungeon)

   It affects your evasion (-5).
   It insulates you from electricity.
   It protects you from negative energy.
   It affects your resistance to hostile enchantments.
 D - a +5 crystal plate armour (worn)
 F - the +2 pair of boots of the Eight Boll Weevils (worn) {rElec rPois Dex+6}
   (You found it in the Dungeon)

   It affects your dexterity (+6).
   It insulates you from electricity.
   It protects you from poison.
 G - a +0 cloak
Jewellery
 B - a +6 ring of dexterity (left hand)
 C - a +6 ring of strength (right hand)
Wands
 w - a wand of disintegration (7)
 x - a wand of iceblast (7)
 y - a wand of acid (7)
 H - a wand of digging (1)
Scrolls
 k - a scroll of blinking
 q - 4 scrolls of amnesia
 r - 7 scrolls of fog
 s - a scroll of holy word
 t - 5 scrolls of identify
 u - 5 scrolls of remove curse
 v - 2 scrolls of fear
Potions
 d - 3 potions of might
 e - 10 potions of curing
 g - 10 potions of heal wounds
 h - a potion of haste
 i - 7 potions of magic
 j - a potion of berserk rage
 l - 2 potions of brilliance
 m - 2 potions of invisibility
 n - 4 potions of resistance
 p - a potion of agility
Books
 o - a manual of Dodging
Comestibles
 f - 7 rations
 E - 12 chunks of flesh


   Skills:
 + Level 12.9(12.4) Fighting
 + Level 13.5(13.1) Axes
 + Level 12.9(12.4) Armour
 + Level 13.9(13.4) Shields


You had 9 spell levels left.
You didn't know any spells.
Your spell library was empty.

Dungeon Overview and Level Annotations

Branches:
Dungeon (1/1)

Altars:
Ashenzari
Cheibriados
Dithmenos
Elyvilon
Fedhas
Gozag
Hepliaklqana
Kikubaaqudgha
Makhleb
Nemelex Xobeh
Okawaru
Qazlal
Ru
Sif Muna
Trog
Uskayaw
Vehumet
Wu Jian
Xom
Yredelemnul
Zin
The Shining One
Beogh
Jiyva
Lugonu


Innate Abilities, Weirdness & Mutations

You cannot be hasted, slowed, berserked, paralysed or teleported.
You can dig through walls and to a lower floor.
Your four strong arms can wield two-handed weapons with a shield.
You have a pair of large antennae on your head. (SInv)
You cannot drink potions while threatened.
You cannot read scrolls while threatened.
You cannot be stealthy.
You have large cloven feet.
You are clumsy. (Dex -2)
You are very dopey. (Int -4)
You are robust. (+10% HP)


Message History

The pearl dragon claws you but does no damage.
The ophan calls forth blessed flames!
Blessed fire suddenly surrounds you!
The pearl dragon breathes cleansing flame at you.
The blast of cleansing flame engulfs you!!
* * * LOW HITPOINT WARNING * * *
You block the pearl dragon's attack.
GONNNNG!
You block the pearl dragon's attack.
GONNNNG!
The ophan is stunned by your will and fails to attack.
You block the pearl dragon's attack.
SHROANNG!
You block the pearl dragon's attack.
BONNNG!
You closely miss the pearl dragon. You hit the pearl dragon.
You slash the ophan!
The pearl dragon breathes cleansing flame at you.
The blast of cleansing flame engulfs you!!
You die...

▓..)|[=|..▓
▓..||}=[..▓...:}[:..▓
▓.........▓.........▓
▓.........▓.........▓
▓.........▓...)))...▓
▓.........▓...).)...▓
▓..§§§§...▓.▓.....▓.▓
▓.▓§DDG§▓.▓....©....▓
▓..§§@§§..▓▓▓▓▓▓▓▓▓▓▓
▓▓▓▓▓▓▓▓▓▓▓


{{{{{{{{ {{{{{{{{{ {{{{{{{{{{{{{{{{{{ {{{{{{{{{{{{{{{{{{ {{{{{ You could see 2
pearl dragons and an ophan.

Vanquished Creatures
  A soul eater (D)
  A wretched star (D)
  A toenail golem (D)
  A blink frog (shapeshifter) (D)
  A slime creature (D)
  Sigmund (D)
  6 neqoxecs (D)
  2 golden eyes (D)
  2 floating eyes (D)
  An orc warrior (D)
  3 wolves (D)
  Blork the orc (D)
  A bullfrog (D)
  6 earth elementals (D)
  Dowan (D)
  2 crimson imps (D)
  A quasit (D)
  2 jellies (D)
  2 orc priests (D)
  2 orc wizards (D)
  Crazy Yiuf (D)
  2 iron imps (D)
  Jessica (D)
  2 iguanas (D)
  A river rat (D)
  A shadow imp (D)
  An ufetubus (D)
  An ooze (D)
  4 orcs (D)
52 creatures vanquished.

Vanquished Creatures (others)
  A neqoxec (D)
  A quasit (D)
2 creatures vanquished.

Grand Total: 54 creatures vanquished

Notes
Turn   | Place    | Note
-------+----------+-------------------------------------------
     0 | D        | Found the +6 Majin-Bo {vamp, Archmagi MP+6 Int+6}
     0 | D        | Found the +7 great mace "Firestarter" {inner flame, rF++}
     0 | D        | theswoord the Formicid Fighter began the quest for the Orb.
     0 | D        | Reached XP level 1. HP: 18/18 MP: 1/1
     0 | D        | Found a deep blue altar of Sif Muna.
     0 | D        | Found a sacrificial altar of Ru.
     0 | D        | Found a bloodstained altar of Trog.
     0 | D        | Found a stormy altar of Qazlal.
     0 | D        | Found an iron altar of Okawaru.
     0 | D        | Found a sparkling altar of Nemelex Xobeh.
     0 | D        | Found a blossoming altar of Fedhas.
     2 | D        | Found a transporter.
     2 | D        | Found an ancient bone altar of Kikubaaqudgha.
     2 | D        | Found a viscous altar of Jiyva.
     2 | D        | Found a corrupted altar of Lugonu.
     2 | D        | Found a hazy altar of Hepliaklqana.
     2 | D        | Found a burning altar of Makhleb.
     2 | D        | Found an opulent altar of Gozag.
    18 | D        | Found the +9 heavy crossbow "Sniper" {velocity, Acc+∞ SInv}
    18 | D        | Found the +10 dark maul {crush}
    18 | D        | Found the +15 Maxwell's patent armour {-Cast -Tele rElec
                  | MR+ rCorr}
    18 | D        | Found the +18 shield of the Gong {rElec rN+ MR+ EV-5}
    18 | D        | Found the cursed +14 obsidian axe {chop, +Fly SInv *Curse}
    19 | D        | Found the +6 shillelagh "Devastator" {shatter}
    19 | D        | Found the +11 plutonium sword {*Contam Stlth-}
    19 | D        | Found the +8 lance "Wyrmbane" {slay drac, rPois rF+ rC+
                  | AC+3}
    19 | D        | Found the +9 sword of Zonguldrok {reap}
    19 | D        | Found the cursed +13 scythe of Curses {drain, *Curse}
    19 | D        | Found the +0 sword of Power
    19 | D        | Found the +7 mace of Variability {chain chaos}
    19 | D        | Found the +7 Singing Sword {slice, sonic wave}
    19 | D        | Found the +7 longbow "Piercer" {penet, EV-2}
    99 | D        | Became a worshipper of Ru the Awakened
   100 | D        | Reached XP level 2. HP: 24/24 MP: 2/2
   108 | D        | Entered arena 2.
   108 | D        | Noticed a floating eye
   108 | D        | Found a transporter.
   111 | D        | Reached XP level 3. HP: 26/30 MP: 3/3
   111 | D        | Killed a floating eye
   111 | D        | Reached skill level 5 in Fighting
   111 | D        | Reached skill level 5 in Armour
   111 | D        | Reached XP level 4. HP: 35/40 MP: 4/4
   111 | D        | Reached XP level 5. HP: 40/46 MP: 5/5
   150 | D        | Entered arena 3.
   150 | D        | Noticed a wolf
   150 | D        | Noticed a wolf
   150 | D        | Found a transporter.
   154 | D        | Killed a wolf
   154 | D        | Reached XP level 6. HP: 53/53 MP: 6/6
   159 | D        | Killed a wolf
   168 | D        | Entered arena 4.
   168 | D        | Noticed a wolf
   168 | D        | Found a transporter.
   171 | D        | Killed a wolf
   171 | D        | Reached skill level 10 in Axes
   171 | D        | Reached XP level 7. HP: 61/61 MP: 7/7
   197 | D        | Entered arena 5.
   197 | D        | Noticed a wretched star
   197 | D        | Found a transporter.
   198 | D        | Identified the +7 falchion "Xeshrofa" {drain, Str+5}
   207 | D        | Killed a wretched star
   207 | D        | Reached skill level 10 in Shields
   207 | D        | Reached XP level 8. HP: 71/71 MP: 8/8
   215 | D        | Entered arena 6.
   215 | D        | Noticed Sigmund
   215 | D        | Noticed Jessica
   215 | D        | Noticed Blork the orc
   215 | D        | Noticed Crazy Yiuf
   215 | D        | Noticed Dowan
   215 | D        | Found a transporter.
   216 | D        | Killed Jessica
   220 | D        | Killed Dowan
   220 | D        | Killed Crazy Yiuf
   221 | D        | Killed Blork the orc
   221 | D        | Reached skill level 10 in Fighting
   221 | D        | Reached skill level 10 in Armour
   225 | D        | Killed Sigmund
   225 | D        | Reached XP level 9. HP: 78/78 MP: 9/9
   229 | D        | Got the +2 pair of boots of the Eight Boll Weevils {rElec
                  | rPois Dex+6}
   248 | D        | Entered arena 7.
   248 | D        | Noticed a soul eater
   249 | D        | Gained mutation: You cannot read scrolls while threatened.
                  | [Ru sacrifice]
   249 | D        | Reached * piety under Ru
   250 | D        | Found a transporter.
   264 | D        | Killed a soul eater
   404 | D        | Entered arena 8.
   404 | D        | Noticed a slime creature
   405 | D        | Found a transporter.
   415 | D        | Killed a slime creature
   533 | D        | Entered arena 9.
   533 | D        | Noticed a toenail golem
   536 | D        | Found a transporter.
   540 | D        | Killed a toenail golem
   540 | D        | Reached XP level 10. HP: 89/89 MP: 10/10
   553 | D        | Gained mutation: You cannot drink potions while threatened.
                  | [Ru sacrifice]
   553 | D        | Reached ** piety under Ru
   561 | D        | Entered arena 10.
   563 | D        | Gained mutation: You are robust. (+10% HP) [a neqoxec]
   564 | D        | Found a transporter.
   566 | D        | Lost intelligence.
   568 | D        | Gained mutation: Your body sometimes deteriorates upon
                  | taking damage. [a neqoxec]
   570 | D        | Gained mutation: You are dopey. (Int -2) [a neqoxec]
   571 | D        | Gained mutation: You are very dopey. (Int -4) [a neqoxec]
   572 | D        | Gained mutation: You have large cloven feet. [a neqoxec]
   573 | D        | Lost mutation: Your body sometimes deteriorates upon taking
                  | damage. [a neqoxec]
   574 | D        | Gained mutation: You are clumsy. (Dex -2) [a neqoxec]
   817 | D        | Entered arena 11.
   818 | D        | Found the +3 hat of Pondering {ponderous, MR+ MP+10 Int+5}
   818 | D        | Found a transporter.
   846 | D        | Entered arena 12.
   846 | D        | Noticed a pearl dragon
   846 | D        | Noticed a pearl dragon
   846 | D        | Noticed an ophan
   848 | D        | Gained mutation: You cannot be stealthy. [Ru sacrifice]
   848 | D        | Reached *** piety under Ru
   854 | D        | Killed from afar by a pearl dragon

Skill      XL: |  1  2  3  4  5  6  7  8  9 10 |
---------------+-------------------------------+-----
Axes           | 7 8 9 10 11 12 13 | 13.5
Fighting       | 4 5 6 7 9 10 11 12 | 12.9
Armour         | 4 5 6 7 9 10 11 12 | 12.9
Shields        | 4 6 7 8 10 11 12 13 | 13.9

Action                   |  1- 3 |  4- 6 |  7- 9 | 10-12 || total
-------------------------+-------+-------+-------+-------++-------
Melee: Broad axe         |     2 |    11 |    53 |    35 ||   101
Invok: Sacrifice Words   |       |       |     1 |       ||     1
       Draw Out Power    |       |       |       |     1 ||     1
       Sacrifice Drink   |       |       |       |     1 ||     1
       Sacrifice Stealth |       |       |       |     1 ||     1
  Use: Potion            |     1 |       |     4 |     3 ||     8
Armor: Crystal plate arm |       |     4 |    10 |    31 ||    45
Dodge: Dodged            |       |       |     1 |     4 ||     5
Block: Shield            |     2 |    19 |    57 |    57 ||   135

Levels and vault maps discovered:
D:        sprint_v [room_start, room_1, room_2, room_3, room_4, room_5, room_6,
          room_7, room_8, room_9, room_10, room_11, room_12, room_13, room_14,
          room_15, room_16, room_17, room_18, room_19, room_20, room_21,
          room_22, room_23, room_24, room_25, room_26, room_27]
